Map: Dusk Towers

Players

Miszu

  • Race: Terran Terran
  • League: Master

SnowY - Winner!

  • Race: Zerg Zerg
  • League: Grandmaster

VOD

Have the link to the VOD?

Description

Time

  • Played on: April 9, 2016, 5:29 p.m.
  • Length: 18:51
Show
View Real Time Build Order
Export as new Build Order

Miszu Terran 

Build Orders: Hellion Banshee 

Get SALT Encoding   

  12  0:00  SCV  
  13  0:13  SCV  
  14  0:19  Supply Depot  
  14  0:25  SCV  
  15  0:41  SCV  
  16  0:43  Barracks  
  16  0:47  Refinery  
  16  0:53  SCV  
  17  1:05  SCV  
  18  1:17  SCV  
  19  1:30  Marine, Orbital Command  
  20  1:40  Command Center  
  20  1:48  Marine  
  20  1:53  Factory  
  21  1:57  SCV  
  22  2:04  Supply Depot  
  22  2:09  SCV  
  22  2:11  Barracks Reactor  
  23  2:16  Refinery  
  23  2:26  SCV  
  24  2:38  SCV  
  24  2:43  Starport  
  25  2:50  SCV  
  26  2:52  Hellion  
  26  2:53  Hellion  
  26  2:54  Orbital Command  
  26  2:56  Barracks Tech Lab  
  30  3:02  SCV  
  31  3:14  Hellion x2, SCV  
  31  3:19  SCV  
  37  3:26  SCV  
  38  3:27  Cloaking Field  
  38  3:32  SCV  
  38  3:34  Supply Depot  
  39  3:38  SCV  
  39  3:39  Hellion  
  39  3:40  Hellion  
  44  3:44  SCV  
  45  3:51  SCV  
  45  3:54  Armory  
  45  3:55  Banshee  
  46  3:56  SCV  
  50  4:03  SCV  
  50  4:06  Supply Depot  
  50  4:08  Supply Depot, SCV  
  52  4:15  SCV  
  53  4:20  SCV  
  54  4:28  Hellion x2, SCV  
  54  4:31  Command Center  
  59  4:32  SCV  
  60  4:40  SCV, Banshee  
  60  4:44  SCV  
  65  4:48  Refinery x2  
  65  4:52  SCV  
  70  5:03  SCV  
  70  5:04  SCV  
  68  5:08  Supply Depot  
  68  5:10  Supply Depot  
  68  5:16  SCV  
  68  5:17  Starport  
  68  5:18  Starport, SCV  
  68  5:20  Fusion Core  
  70  5:30  SCV, Banshee  
  70  5:32  SCV  
  75  5:42  SCV  
  64  5:47  SCV  
  64  5:48  Orbital Command  
  64  5:49  Hellion x2  
  65  5:54  SCV  
  65  5:55  Supply Depot  
  66  5:59  SCV  
  66  6:00  Starport Tech Lab x2  
  67  6:06  SCV  
  67  6:11  SCV  
  69  6:17  Supply Depot  
  69  6:18  SCV  
  69  6:23  Hyperflight Rotors, SCV  
  74  6:26  Banshee  
  74  6:30  SCV  
  75  6:33  Banshee  
  75  6:35  SCV  
  75  6:36  Liberator  
  75  6:37  Liberator  
  75  6:38  Engineering Bay  
  79  6:42  Starport, Factory Reactor  
  79  6:43  SCV  
  79  6:46  Starport  
  80  6:47  SCV  
  84  6:55  SCV  
  84  6:59  SCV  
  84  7:00  Orbital Command  
  86  7:07  SCV  
  87  7:09  Command Center  
  87  7:11  SCV  
  87  7:14  Refinery, Banshee  
  91  7:19  Refinery, SCV  
  92  7:23  SCV  
  92  7:24  Liberator  
  92  7:26  Liberator  
  92  7:28  SCV  
  94  7:31  SCV, Banshee  
  94  7:33  Starport Tech Lab  
  94  7:36  SCV  
  99  7:39  Supply Depot  
  99  7:41  Liberator  
  99  7:42  Supply Depot x2  
  99  7:43  SCV  
  106  7:51  Liberator  
  106  7:56  Banshee  
  112  8:09  Liberator  
  115  8:16  Command Center  
  115  8:17  Missile Turret  
  115  8:21  Missile Turret  
  118  8:27  Command Center  
  118  8:29  Liberator x2  
  118  8:30  Liberator  
  118  8:35  Missile Turret  
  118  8:38  Hellion x2  
  117  8:58  Liberator  
  117  8:59  Liberator  
  110  9:05  Liberator  
  110  9:09  SCV x3  
  114  9:12  Missile Turret  
  122  9:19  Liberator  
  122  9:21  SCV x3, Liberator  
  126  9:33  SCV x2  
  130  9:45  Command Center x2, SCV  
  134  9:48  Planetary Fortress  
  134  9:49  SCV x2  
  134  9:50  Liberator  
  136  9:55  Refinery  
  136  9:57  Advanced Ballistics, SCV  
  136  9:58  Missile Turret x2  
  136  9:59  Liberator  
  137  10:00  Refinery  
  137  10:01  SCV  
  137  10:02  SCV  
  139  10:10  SCV  
  139  10:13  SCV  
  139  10:14  SCV  
  145  10:19  Missile Turret  
  145  10:20  Liberator x2  
  148  10:30  Sensor Tower  
  145  10:42  Liberator  
  148  10:45  Planetary Fortress  
  148  10:49  Armory  
  148  11:00  Liberator x3  
  148  11:01  Orbital Command  
  148  11:02  Orbital Command  
  160  11:22  Liberator  
  160  11:23  Banshee  
  160  11:24  Liberator  
  163  11:36  Refinery, Missile Turret  
  163  11:37  Refinery  
  163  11:38  Missile Turret  
  163  11:41  Missile Turret  
  163  11:45  Missile Turret  
  163  11:46  Sensor Tower  
  169  11:49  Liberator x2  
  169  11:50  Terran Ship Weapons Level 1  
  169  11:51  Terran Vehicle And Ship Armor Level 1  
  169  12:02  Command Center  
  169  12:03  Command Center x2  
  169  12:08  Planetary Fortress  
  175  12:14  Missile Turret  
  175  12:16  Liberator x2  
  175  12:19  Missile Turret  
  187  12:38  Banshee  
  187  12:40  Banshee  
  187  12:53  Command Center  
  187  13:08  Banshee x2  
  187  13:11  Liberator  
  187  13:12  Liberator  
  193  13:14  Starport  
  193  13:15  Starport x2  
  193  13:18  Orbital Command x3  
  193  13:27  Command Center  
  193  13:30  Command Center  
  199  13:57  Starport Tech Lab x3  
  199  14:05  Command Center  
  199  14:10  Orbital Command  
  199  14:15  Terran Vehicle And Ship Armor Level 2, Terran Ship Weapons Level 2  
  196  14:23  Liberator  
  193  14:40  Banshee x2  
  199  14:48  Orbital Command  
  199  15:01  Armory  
  199  15:02  Factory x2  
  199  15:05  Factory  
  192  15:26  Viking x2  
  192  15:27  Viking x2  
  197  15:48  Hellion x2  
  197  15:49  Hellion  
  197  15:51  Hellion  
  197  15:56  Planetary Fortress  
  195  16:13  Hellion x2  
  195  16:17  Terran Vehicle Weapons Level 1  
  195  16:18  Hi-Sec Auto Tracking  
  198  16:21  Hellbat, Orbital Command  
  200  16:30  Command Center  
  200  16:33  Command Center  
  200  16:36  Command Center  
  200  16:39  Barracks  
  190  16:47  Refinery  
  175  16:54  Hellion  
  175  16:55  Hellion x4  
  181  17:06  Viking x2  
  184  17:12  Refinery  
  186  17:15  Hellion  
  186  17:16  Hellion x4  
  159  17:26  Viking x3  
  152  17:37  Hellion  
  152  17:54  Hellion x2  
  152  17:55  Hellion  
  158  18:00  Orbital Command  
  158  18:01  Orbital Command  
  158  18:20  Hellion x2  
  158  18:21  Hellion x3  
Show
View Real Time Build Order
Export as new Build Order

SnowY Zerg - Winner!

Build Orders: Hatch First, Muta Ling Bane 

Get SALT Encoding   

  12  0:00  Drone  
  13  0:12  Overlord  
  13  0:17  Drone  
  14  0:30  Drone x2  
  14  0:35  Drone  
  17  0:45  Drone  
  18  0:55  Hatchery  
  17  0:58  Drone  
  17  0:59  Extractor  
  17  1:12  Spawning Pool  
  17  1:14  Drone  
  17  1:17  Drone  
  18  1:28  Drone  
  19  1:39  Overlord  
  19  2:00  Metabolic Boost  
  19  2:01  Zergling x4, Queen  
  21  2:06  Queen  
  21  2:07  Zergling x2  
  26  2:10  Drone  
  27  2:20  Drone  
  28  2:24  Drone  
  29  2:33  Hatchery  
  28  2:39  Drone x2  
  28  2:44  Queen  
  30  2:49  Overlord  
  32  2:51  Drone  
  32  2:53  Drone  
  32  2:57  Drone  
  35  3:01  Drone  
  36  3:06  Overlord  
  36  3:10  Drone  
  36  3:12  Drone x2  
  39  3:16  Drone x3  
  39  3:18  Drone  
  43  3:24  Queen  
  45  3:28  Drone  
  45  3:29  Drone  
  47  3:40  Extractor  
  46  3:41  Overlord  
  46  3:42  Overlord  
  46  3:48  Queen  
  48  3:50  Zergling x4  
  48  3:52  Overlord  
  50  3:56  Spore Crawler  
  50  3:58  Spore Crawler  
  49  4:02  Drone  
  49  4:04  Drone x3  
  49  4:07  Baneling Nest  
  50  4:18  Zergling x6  
  50  4:19  Zergling x2  
  50  4:20  Drone  
  50  4:21  Drone x2  
  57  4:25  Queen  
  57  4:31  Drone x2  
  61  4:33  Overlord  
  61  4:38  Drone x2, Spore Crawler  
  61  4:42  Drone  
  61  4:43  Drone  
  64  4:51  Baneling x7  
  64  4:53  Drone x3  
  67  5:01  Drone  
  67  5:02  Drone  
  67  5:05  Lair  
  69  5:12  Overlord  
  69  5:14  Zergling x2  
  69  5:15  Zergling x10  
  69  5:17  Overlord  
  69  5:20  Drone x3  
  78  5:27  Drone x2  
  78  5:28  Drone  
  80  5:30  Baneling x5  
  70  5:42  Drone  
  70  5:43  Drone x8  
  70  5:44  Extractor  
  74  5:53  Drone  
  74  5:54  Overlord  
  75  5:59  Evolution Chamber x2  
  72  6:07  Extractor x2  
  72  6:08  Overseer  
  69  6:13  Centrifical Hooks  
  69  6:15  Drone x2  
  69  6:16  Drone x3  
  73  6:19  Overlord  
  73  6:23  Drone x4  
  73  6:24  Extractor, Zerg Melee Weapons Level 1  
  76  6:32  Overlord  
  76  6:40  Extractor  
  76  6:41  Drone  
  76  6:42  Zergling x4  
  76  6:43  Zergling x14  
  85  6:49  Zerg Ground Armor Level 1  
  85  6:52  Overseer  
  85  6:56  Overlord  
  85  6:57  Hatchery  
  85  7:01  Spire  
  82  7:04  Overlord  
  82  7:05  Drone  
  82  7:06  Drone  
  82  7:07  Drone x3  
  87  7:09  Overlord x2  
  87  7:24  Zergling x2  
  87  7:25  Zergling x12  
  94  7:30  Overlord  
  94  7:32  Hatchery  
  94  7:33  Overseer  
  93  7:39  Zergling x16  
  93  7:41  Baneling x8, Hatchery  
  93  7:42  Baneling  
  100  7:55  Overlord  
  100  8:04  Drone  
  100  8:05  Drone x7  
  108  8:10  Spore Crawler  
  107  8:12  Mutalisk  
  107  8:13  Spore Crawler, Mutalisk x6  
  107  8:18  Spore Crawler  
  119  8:23  Zerg Missile Weapons Level 1  
  119  8:26  Hydralisk Den, Mutalisk x2  
  122  8:35  Mutalisk  
  122  8:39  Overlord  
  122  8:40  Hydralisk Den  
  119  8:53  Pneumatized Carapace  
  113  8:56  Drone  
  113  8:58  Drone x4  
  113  8:59  Drone x2  
  113  9:00  Extractor  
  113  9:01  Extractor  
  102  9:13  Muscular Augments  
  102  9:17  Hydralisk  
  102  9:18  Hydralisk x5  
  102  9:24  Overlord x2  
  114  9:25  Overlord  
  114  9:26  Overlord  
  114  9:27  Overlord  
  114  9:38  Hydralisk x8  
  130  9:46  Overlord  
  130  9:47  Drone x2  
  132  9:53  Zerg Ground Armor Level 2  
  132  9:54  Infestation Pit  
  132  9:57  Overseer  
  131  10:00  Drone  
  131  10:01  Drone x7  
  139  10:10  Hydralisk  
  139  10:11  Hydralisk x5  
  151  10:20  Spore Crawler  
  150  10:38  Hydralisk x2  
  150  10:39  Hydralisk x8  
  150  10:42  Hive  
  170  10:46  Overlord, Extractor  
  170  10:48  Extractor  
  168  10:57  Zerg Flyer Weapons Level 1  
  168  11:01  Corruptor x3  
  160  11:14  Hydralisk x2  
  160  11:15  Hydralisk x4  
  172  11:20  Overlord  
  172  11:33  Corruptor  
  172  11:34  Corruptor x3  
  180  11:45  Corruptor x2  
  184  11:56  Overlord  
  184  12:07  Viper x2  
  190  12:17  Viper  
  193  12:27  Zerg Missile Weapons Level 2  
  193  12:28  Zerg Ground Armor Level 3  
  193  12:39  Roach Warren  
  193  12:40  Viper  
  193  12:41  Hatchery  
  194  12:51  Hatchery  
  193  13:00  Hydralisk  
  193  13:01  Hydralisk x2  
  199  13:37  Zerg Flyer Weapons Level 2  
  199  13:41  Spore Crawler  
  198  13:52  Glial Reconstitution  
  195  14:03  Spore Crawler  
  195  14:05  Spore Crawler  
  195  14:07  Spore Crawler  
  191  14:11  Overlord  
  191  14:22  Spore Crawler, Drone x2  
  192  14:28  Spore Crawler  
  191  14:42  Hydralisk x4  
  199  15:01  Zerg Missile Weapons Level 3  
  199  15:05  Drone  
  188  15:23  Spore Crawler  
  179  15:38  Hydralisk x2  
  179  15:39  Hydralisk  
  199  15:51  Overlord  
  199  15:59  Viper x5  
  199  16:01  Overlord  
  198  16:19  Drone x2  
  200  16:32  Spore Crawler x2  
  198  16:34  Spore Crawler x2  
  198  16:35  Spore Crawler  
  198  16:37  Spore Crawler  
  198  16:38  Drone, Spore Crawler x2  
  198  16:39  Spore Crawler x3, Drone x8  
  200  16:40  Spore Crawler, Drone x2  
  200  16:42  Spore Crawler  
  190  16:58  Hydralisk x5  
  151  17:23  Hydralisk  
  151  17:24  Hydralisk x23  
  199  17:37  Drone  
  200  18:04  Hatchery  
  199  18:07  Drone  
  199  18:11  Hatchery  
  199  18:13  Spore Crawler  
  199  18:15  Spore Crawler x3  
  199  18:16  Spore Crawler  
  199  18:17  Drone, Spore Crawler  
  199  18:18  Drone x7, Spore Crawler x2  
  199  18:19  Drone  
Tags
 
Add a new tag
Caveats
  • Supply blocks, unpowered buildings, or Contaminate may cause inaccurate times.
  • Supply counts are checked every 10 seconds.